 Dungeon Crawl Stone Soup version 0.31-a0-876-gfe8ebadbca (webtiles) character file.

Game seed: 39866456263241270

9216 GordonOverkill the Frost Mage (level 11, 0/64 HPs)
             Began as a Tengu Delver on Oct 12, 2023.
             Was an Initiate of Gozag.
             Slain by a shadow (27 damage)
             ... on level 9 of the Dungeon on Oct 16, 2023.
             The game lasted 00:50:02 (19449 turns).

GordonOverkill the Frost Mage (Tengu Delver)       Turns: 19449, Time: 00:50:02

Health: 0/64       AC:  8    Str: 12    XL:     11   Next: 43%
Magic:  23/31      EV: 17    Int: 16    God:    Gozag
Gold:   374        SH:  0    Dex: 15    Spells: 10/24 levels left

rFire   + . .        n - +2 dagger (venom)
rCold   . . .        (no shield)
rNeg    . . .        C - +0 steam dragon scales
rPois   .            (helmet restricted)
rElec   .            j - +1 cloak
rCorr   .            d - +0 pair of gloves
SInv    .            (boots unavailable)
Will    .....        (no amulet)
Stlth   +++          y - ring of magical power
HPRegen 0.30/turn    b - ring of protection from fire
MPRegen 0.22/turn

%: acrobat
@: flying, very slightly contaminated
A: beak, talons 3, evasive flight, acrobatic
a: Renounce Religion, Potion Petition, Call Merchant, Bribe Branch


You were on level 9 of the Dungeon.
You worshipped Gozag.
Gozag was aware of your devotion.
You visited 1 branch of the dungeon, and saw 9 of its levels.

You collected 1661 gold pieces.
You spent 1176 gold pieces at shops.
You paid 111 gold pieces to Gozag.

Inventory:

Hand Weapons
 n - a +2 dagger of venom (weapon)
Missiles
 a - 10 poisoned darts
 e - 8 boomerangs (quivered)
 r - 2 throwing nets
 x - a curare-tipped dart
Armour
 d - a +0 pair of gloves (worn)
 j - a +1 cloak (worn)
 C - +0 steam dragon scales (worn)
Jewellery
 b - a ring of protection from fire (right hand)
 m - a ring of fire
 u - a ring of protection from cold
 y - a ring of magical power (left hand)
Wands
 g - a wand of digging (3)
 v - a wand of iceblast (19)
 z - a wand of flame (24)
 A - a wand of paralysis (7)
 E - a wand of mindburst (2)
Scrolls
 c - a scroll of fog
 h - a scroll of blinking {unknown}
 k - a scroll of fear
 l - a scroll of immolation {unknown}
 o - a scroll of amnesia
 t - a scroll of revelation
Potions
 f - 2 potions of brilliance
 p - a potion of enlightenment
 q - 2 potions of might
 w - 2 potions of curing
 B - a potion of mutation


   Skills:
 + Level 5.3 Fighting
 - Level 2.9 Short Blades
 - Level 3.0 Dodging
 - Level 5.0 Stealth
 - Level 7.0 Spellcasting
 - Level 2.0 Conjurations
 - Level 5.0 Hexes
 - Level 3.0 Translocations
 - Level 11.0 Ice Magic
 - Level 5.0 Air Magic
 - Level 1.0 Evocations


You had 10 spell levels left.
You knew the following spells:

 Your Spells              Type           Power      Damage    Failure   Level
a - Freeze                Ice            100%       1d10      1%          1
b - Frozen Ramparts       Ice            80%        1d13      1%          3
c - Blink                 Tloc           30%        N/A       5%          2
d - Tukima's Dance        Hex            21%        N/A       4%          3
e - Hailstorm             Conj/Ice       26%        3d7       2%          3
f - Static Discharge      Conj/Air       32%        2-4/arc   4%          2

Your spell library contained the following spells:

 Spells                   Type           Power      Damage    Failure   Level
 Momentum Strike          Conj/Tloc      26%        3d8       7%          2
 Poisonous Vapours        Pois/Air       26%        N/A       7%          2
 Necrotise                Necr           20%        1d5       12%         1
 Sting                    Tmut/Pois      20%        1d4       12%         1
 Dimensional Bullseye     Hex/Tloc       9%         N/A       24%         4
 Fulminant Prism          Conj/Hex       8%         3d7       28%         4
 Manifold Assault         Tloc           15%        N/A       34%         4
 Iskenderun's Mystic Bla  Conj/Tloc      13%        2d5       41%         4
 Arcjolt                  Conj/Air       8%         1d18      63%         5
 Olgreb's Toxic Radiance  Pois           5%         N/A       77%         4
 Conjure Ball Lightning   Conj/Air       8%         3x3d6     99%         6
 Death Channel            Necr           2%         N/A       100%        6
 Lehudib's Crystal Spear  Conj/Erth      4%         10d3      100%        8


Dungeon Overview and Level Annotations

Branches:
Dungeon (9/15)             Temple (0/1) D:7            Lair (0/5) D:8
    Orc: D:9-12

Altars:
Ashenzari
Dithmenos
Gozag
Hepliaklqana
Okawaru
Qazlal
Ru
Sif Muna
Uskayaw
Vehumet
Zin

Shops:
D:8 :

Annotations:
D:5 exclusions: downstairs and upstairs, Menkaure
D:8 Gastronok
D:9 1 runed translucent door, Heedrag's ghost, journeyman DsSh; Josephine


Innate Abilities, Weirdness & Mutations

You have a beak for a mouth.
You have claws for feet.
Your magical flight helps you evade attacks. (EV +4)
You can magically evade attacks while moving or waiting.


Message History

Reactivating autopickup.
There is a stone staircase leading up, spattered with blood here.
Casting: Static Discharge (safe; 4% risk of failure)
Confirm with . or Enter, or press ? or * to list all spells.
The shadow is struck by an arc of lightning.
The shadow is lightly damaged.
You are struck by an arc of lightning.
* * * LOW HITPOINT WARNING * * *
The lightning grounds out.
The shadow hits you.
* * * LOW HITPOINT WARNING * * *
Casting: Static Discharge (safe; 4% risk of failure)
Confirm with . or Enter, or press ? or * to list all spells.
You miscast Static Discharge.
You are very lightly contaminated with residual magic.
Nothing appears to happen.
The shadow hits you.
Casting: Static Discharge (safe; 4% risk of failure)
Confirm with . or Enter, or press ? or * to list all spells.
The shadow is struck by an arc of lightning.
The shadow is moderately damaged.
You are struck by an arc of lightning.
* * * LOW HITPOINT WARNING * * *
The shadow is struck by an arc of lightning.
The shadow is heavily damaged.
The lightning grounds out.
The shadow slips into darkness.
The shadow flickers and vanishes!
Deactivating autopickup; reactivate with Ctrl-A.
Casting: Static Discharge (safe; 4% risk of failure)
Confirm with . or Enter, or press ? or * to list all spells.
You can't see any susceptible monsters within range! (Use Z to cast anyway.)
Casting: Static Discharge (safe; 4% risk of failure)
Confirm with . or Enter, or press ? or * to list all spells.
Something is struck by an arc of lightning.
You are struck by an arc of lightning.
* * * LOW HITPOINT WARNING * * *
Something is struck by an arc of lightning.
The lightning grounds out.
The shadow strikes at you from the darkness!
You die...
Your body crumbles into a pile of gold.

####### # #.......# # #.......#
## #####.......# #### ....
............# #..##########.....
............# #.................
............# #.{...............
............####@................
......#####....................#
......#...'....................#♣
......#...#...........)........#i
###...'...#....................##
#...#...#....................⌠#
#...#...#....###########......#
#...#...#....##..!....##......+
#...#####.#####..#.#..##..#...#


There were no monsters in sight!

Vanquished Creatures
  Pikel (D:5)
  Maggie (D:7)
  An unseen horror skeleton (D:9)
  A troll (D:6)
  A shadow (D:9)
  4 flying skulls
  2 basilisks (D:8)
  3 wyverns
  4 yaks (D:8)
  3 wraiths (D:9)
  A steam dragon (D:6)
  2 water moccasins (D:8)
  A hornet zombie (D:9)
  6 black bears
  2 sky beasts
  6 orc warriors
  4 centaurs
  3 lemures (D:5)
  2 phantoms
  Blork the orc (D:5)
  A kobold brigand (D:8)
  6 bullfrogs
  A gnoll sergeant (D:9)
  5 scorpions
  7 wights
  A jelly (D:5)
  7 killer bees
  An electric eel (D:8)
  4 howler monkeys
  4 hounds
  7 centaur zombies (D:9)
  6 orc priests
  3 centaur skeletons (D:9)
  A gnoll bouda (D:9)
  Jessica (D:3)
  A sleepcap (D:5)
  3 iguanas
  14 orc wizards
  A howler monkey zombie (D:9)
  16 gnolls
  2 howler monkey skeletons (D:9)
  6 adders
  A shadow imp (D:7)
  3 ufetubi
  3 worms (D:2)
  4 dart slugs
  43 orcs
  7 ball pythons
  3 bats
  3 endoplasms
  3 giant cockroaches
  6 goblins
  10 hobgoblins
  4 jackals (D:5)
  14 kobolds
  5 quokkas
  3 frilled lizards
  7 rats
266 creatures vanquished.

Vanquished Creatures (others)
  A dancing weapon (D:8)
1 creature vanquished.

Grand Total: 267 creatures vanquished

Notes
Turn   | Place    | Note
-------+----------+-------------------------------------------
     0 | D:5      | GordonOverkill the Tengu Delver began the quest for the
                  | Orb.
     0 | D:5      | Reached XP level 1. HP: 14/14 MP: 2/2
     2 | D:6      | Noticed a phantom
    51 | D:4      | Noticed a hound
   239 | D:5      | Noticed a sleepcap
   240 | D:5      | Noticed Menkaure
   255 | D:5      | Noticed a lemure
   255 | D:5      | Noticed a jelly
   257 | D:5      | Noticed a lemure
   395 | D:4      | Reached XP level 2. HP: 19/19 MP: 3/3
   432 | D:4      | Learned a level 1 spell: Freeze
   545 | D:3      | Noticed Jessica
   726 | D:2      | Reached skill level 1 in Spellcasting
   932 | D:1      | Reached skill level 1 in Ice Magic
   998 | D:1      | Reached XP level 3. HP: 23/23 MP: 5/5
  1766 | D:1      | Reached skill level 2 in Ice Magic
  1829 | D:1      | Reached XP level 4. HP: 22/28 MP: 2/6
  2255 | D:2      | Found a sacrificial altar of Ru.
  2340 | D:2      | Found a stormy altar of Qazlal.
  2532 | D:2      | Learned a level 3 spell: Frozen Ramparts
  2814 | D:2      | Reached skill level 3 in Ice Magic
  3712 | D:3      | Found a hide-covered altar of Uskayaw.
  3805 | D:3      | Killed Jessica
  3806 | D:3      | Reached XP level 5. HP: 28/32 MP: 3/9
  4201 | D:2      | Reached skill level 4 in Ice Magic
  4356 | D:3      | Reached XP level 6. HP: 17/37 MP: 2/10
  4428 | D:3      | Noticed a black bear
  5524 | D:5      | Reached skill level 5 in Ice Magic
  5891 | D:4      | Gained mutation: Your magical flight helps you evade
                  | attacks. (EV +4) [Tengu growth]
  5891 | D:4      | Reached XP level 7. HP: 41/41 MP: 6/11
  6851 | D:3      | Found a hazy altar of Hepliaklqana.
  7129 | D:3      | Found a hide-covered altar of Uskayaw.
  7563 | D:3      | Found a hazy altar of Hepliaklqana.
  7894 | D:5      | Reached skill level 6 in Ice Magic
  7934 | D:5      | Reached skill level 1 in Evocations
  7976 | D:5      | Noticed Blork the orc
  7987 | D:5      | Killed Blork the orc
  8080 | D:5      | Noticed Pikel
  8110 | D:5      | Killed Pikel
  8111 | D:5      | Reached skill level 7 in Ice Magic
  8111 | D:5      | Reached XP level 8. HP: 27/46 MP: 1/15
  8252 | D:5      | Found an opulent altar of Gozag.
  8252 | D:5      | Found a glowing silver altar of Zin.
  8265 | D:5      | Became a worshipper of Gozag Ym Sagoz the Greedy
  8641 | D:5      | Reached skill level 8 in Ice Magic
  9203 | D:5      | Reached XP level 9. HP: 47/50 MP: 9/16
  9280 | D:5      | Found a runed translucent door.
  9401 | D:5      | Found a shimmering blue altar of Sif Muna.
  9701 | D:5      | Reached skill level 9 in Ice Magic
 10774 | D:6      | Reached skill level 10 in Ice Magic
 10777 | D:6      | Learned a level 2 spell: Blink
 11068 | D:6      | Noticed a troll
 11123 | D:6      | Reached skill level 1 in Translocations
 11212 | D:6      | Killed a troll
 11290 | D:6      | Found the +18 Lear's hauberk
 11465 | D:6      | Reached skill level 5 in Spellcasting
 12457 | D:7      | Upgraded the game from 0.31-a0-870-g10ed682358 to
                  | 0.31-a0-876-gfe8ebadbca
 12583 | D:7      | Learned a level 3 spell: Tukima's Dance
 12641 | D:6      | Reached XP level 10. HP: 51/56 MP: 18/20
 12747 | D:7      | Reached skill level 1 in Hexes
 12925 | D:7      | Found a staircase to the Ecumenical Temple.
 13631 | D:7      | Found a broken altar of Ashenzari.
 13780 | D:7      | Found a sacrificial altar of Ru.
 13834 | D:7      | Noticed Maggie
 13843 | D:7      | Killed Maggie
 14035 | D:7      | Learned a level 3 spell: Hailstorm
 14395 | D:7      | Found a broken altar of Ashenzari.
 14860 | D:7      | Found a sacrificial altar of Ru.
 14957 | D:7      | Found a staircase to the Ecumenical Temple.
 15260 | D:8      | Found a radiant altar of Vehumet.
 15367 | D:8      | Found a shadowy altar of Dithmenos.
 15379 | D:8      | Found an iron altar of Okawaru.
 15622 | D:8      | Noticed Gastronok
 15836 | D:8      | Reached skill level 5 in Hexes
 15836 | D:8      | Reached skill level 1 in Conjurations
 15846 | D:8      | Found a staircase to the Lair.
 16579 | D:8      | Found Vischuacs's Tremendous Tomes.
 16588 | D:8      | Bought the Exposition on Lamentation and Injury for 1176
                  | gold pieces
 16591 | D:8      | Learned a level 2 spell: Static Discharge
 16669 | D:8      | Reached XP level 11. HP: 61/61 MP: 20/22
 16894 | D:9      | Reached skill level 1 in Air Magic
 17359 | D:9      | Found a runed translucent door.
 17362 | D:9      | Noticed Heedrag's ghost (journeyman DsSh)
 17365 | D:9      | Identified the +2 trident of Balance {pain, Int+4}
 17856 | D:9      | Noticed Josephine
 18154 | D:9      | Reached skill level 11 in Ice Magic
 18171 | D:9      | Reached skill level 5 in Air Magic
 18882 | D:9      | Reached skill level 5 in Fighting
 18923 | D:9      | Noticed a necromancer
 19449 | D:9      | Slain by a shadow

Illustrated notes

Levels and vault maps discovered:
D:1:      dpeg_arrival_snail, layout_loops_ring, minmay_pentomino_w4
D:2:      wad_woods_stonehenge, layout_loops_corners, basic_altar
D:3:      layout_basic, mainiacjoe_overflow_chevrons,
          nzn_hepliaklqana_mist_gate, fountainhead, minmay_misc_feat_x,
          uniq_jessica
D:4:      layout_basic, serial_glass, glass_columns_b, glass_columns_a
D:5:      layout_loops_corners, lemuel_coloured_pillars_altar,
          grunt_temple_overflow_gold_and_silver, portal_sewer_entry_e,
          lightli_church_of_beogh, uniq_menkaure, uniq_pikel, uniq_blork_the_orc
D:6:      wad_woods_pond, layout_basic, serial_curves, eino_curves_02,
          eino_curves_04, eino_curves_02, hellmonk_guarded_unrand_lears
D:7:      nicolae_cairo_tiling, layout_loops_ring, lemuel_tele_altar,
          nicolae_ashenzari_panopticon, minmay_temple_entry_enclosed_plants,
          dreamdust_gnoll_farm, uniq_maggie
D:8:      layout_rooms, vehumet_altar_wand_db,
          mainiacjoe_overflow_catwalk_spiral, minmay_lair_entry_grove,
          serial_bayou_ford_a, minmay_misc_feat_pillars,
          nicolae_shop_i_like_big_books, minivault_11, nrook_uturn,
          hangedman_decor_clover_reticule, uniq_gastronok
D:9:      hangedman_screamer, layout_irregular_city,
          ebering_ghost_funeral_grove, uniq_prince_ribbit1

Skill      XL: |  1  2  3  4  5  6  7  8  9 10 11 |
---------------+----------------------------------+-----
Spellcasting   | 1 2 4 6 7 |  7.0
Ice Magic      | 1 2 3 4 5 7 8 10 11 | 11.0
Dodging        | 3 |  3.0
Evocations     | 1 |  1.0
Fighting       | 4 5 |  5.3
Translocations | 2 3 |  3.0
Hexes          | 5 |  5.0
Conjurations   | 2 |  2.0
Air Magic      | 5 |  5.0
Short Blades   | |  2.9
Stealth        | |  5.0

Action                     |  1- 3 |  4- 6 |  7- 9 | 10-12 || total
---------------------------+-------+-------+-------+-------++-------
  Melee: Short sword       |    13 |       |       |       ||    13
         Peck              |    14 |     8 |    13 |    30 ||    65
         Kick              |     8 |    16 |    24 |    49 ||    97
         Dagger            |    45 |    48 |    75 |   114 ||   282
         Punch             |       |       |       |     1 ||     1
  Throw: Dart              |       |     3 |     6 |     3 ||    12
         Boomerang         |       |       |    17 |     7 ||    24
   Cast: Freeze            |    15 |   116 |   107 |   105 ||   343
         Frozen Ramparts   |       |     6 |    40 |    34 ||    80
         Hailstorm         |       |       |       |    19 ||    19
         Tukima's Dance    |       |       |       |     3 ||     3
         Static Discharge  |       |       |       |    87 ||    87
         Blink             |       |       |       |     1 ||     1
  Evoke: Wand              |       |       |     6 |     6 ||    12
    Use: Scroll            |     2 |     5 |     3 |     5 ||    15
         Potion            |     1 |     5 |       |     2 ||     8
   Stab: Sleeping          |     7 |    12 |     2 |     4 ||    25
         Distracted        |       |     1 |       |       ||     1
 Armour: Leather armour    |    21 |     1 |       |       ||    22
         Robe              |       |    84 |    62 |    15 ||   161
         Steam dragon scal |       |       |       |   162 ||   162
  Dodge: Dodged            |    43 |   104 |   139 |   343 ||   629

Table legend: (Time is in decaauts)
 A = Elapsed time spent in this place.
 B = Non-inter-level travel time spent in this place.
 C = Inter-level travel time spent in this place.
 D = Time resting spent in this place.
 E = Time spent auto-exploring this place.
 F = Levels seen in this place.
 G = Mean time per level.
                   A        B        C        D        E       F      G
               +--------+--------+--------+--------+--------+-----+--------+
         Total |  19365 |  18700 |    665 |   7943 |   6448 |   9 | 2151.7 |
       Dungeon |  19365 |  18700 |    665 |   7943 |   6448 |   9 | 2151.7 |
               +--------+--------+--------+--------+--------+-----+--------+

Top non-repeatable levels by time:
     D:5: 3322 daAuts
     D:7: 2855 daAuts
     D:3: 2388 daAuts
     D:2: 2257 daAuts
     D:8: 2098 daAuts
     D:9: 1890 daAuts
     D:6: 1872 daAuts
     D:4: 1439 daAuts
     D:1: 1240 daAuts
